Map: Frost LE

Players

blackxored

  • Race: Zerg Zerg
  • League: Platinum

Urnoob - Winner!

  • Race: Zerg Zerg
  • League: Platinum

VOD

Have the link to the VOD?

Description

Time

  • Played on: June 25, 2016, 4:59 p.m.
  • Length: 16:21
Show
View Real Time Build Order
Export as new Build Order

blackxored Zerg 

Build Orders: Hatch First 

Get SALT Encoding   

  12  0:01  Drone  
  13  0:08  Drone  
  14  0:17  Overlord  
  14  0:22  Extractor  
  14  0:24  Drone  
  15  0:37  Drone x2  
  17  1:05  Hatchery  
  17  1:07  Drone  
  17  1:09  Drone x2  
  19  1:22  Extractor  
  19  1:24  Spawning Pool  
  17  1:35  Drone x2  
  19  1:44  Overlord  
  19  1:52  Drone  
  20  2:04  Drone  
  21  2:13  Queen  
  23  2:17  Queen  
  23  2:18  Zergling x4  
  27  2:37  Extractor  
  27  2:48  Zergling x6  
  27  2:49  Zergling x4  
  32  2:56  Baneling Nest  
  32  2:58  Overlord  
  31  3:04  Drone x2  
  33  3:07  Hatchery  
  32  3:14  Drone x2  
  34  3:27  Overlord  
  34  3:28  Drone x5  
  34  3:30  Drone  
  40  3:42  Drone x2  
  40  3:44  Baneling x2  
  40  3:45  Baneling x2  
  42  3:49  Drone  
  42  3:50  Overlord  
  42  3:54  Lair  
  43  3:59  Metabolic Boost  
  43  4:03  Drone x2  
  43  4:06  Extractor, Drone  
  43  4:07  Extractor  
  44  4:16  Drone x5  
  49  4:21  Drone x2  
  51  4:26  Queen  
  51  4:30  Extractor, Drone  
  53  4:41  Overlord  
  53  4:44  Overlord  
  53  4:52  Zergling x14  
  59  4:53  Zergling x2  
  59  4:58  Spire  
  59  4:59  Drone  
  59  5:16  Zergling x4  
  59  5:17  Zergling x12  
  59  5:20  Baneling x3  
  67  5:26  Overseer  
  63  5:40  Baneling x3  
  62  5:44  Zergling x14  
  65  6:02  Baneling x3  
  63  6:05  Drone x9  
  72  6:21  Mutalisk x2  
  72  6:40  Drone x2  
  69  6:52  Drone x12  
  73  6:55  Baneling x3  
  65  7:10  Zergling x10  
  65  7:11  Zergling x10  
  69  7:31  Mutalisk  
  69  7:32  Mutalisk x2  
  69  7:40  Baneling x3  
  69  7:41  Baneling  
  69  7:47  Roach Warren  
  69  7:49  Mutalisk x4, Evolution Chamber  
  69  7:50  Evolution Chamber  
  68  8:07  Drone x2  
  68  8:10  Queen, Drone  
  73  8:22  Roach Warren  
  73  8:26  Spine Crawler  
  70  8:29  Drone x3  
  74  8:42  Overlord x10  
  73  9:01  Mutalisk  
  73  9:02  Mutalisk x5  
  83  9:12  Mutalisk  
  85  9:21  Extractor  
  85  9:23  Extractor  
  83  9:25  Zerg Flyer Weapons Level 1  
  83  9:30  Mutalisk  
  85  9:37  Hatchery  
  84  9:51  Drone  
  84  9:52  Drone x5, Spine Crawler  
  89  9:53  Spine Crawler  
  74  10:15  Drone x14  
  87  10:22  Drone x2  
  87  10:23  Drone  
  90  10:38  Infestation Pit  
  90  10:41  Spine Crawler  
  88  10:43  Spine Crawler  
  87  10:55  Zergling x20  
  95  11:11  Mutalisk x3  
  95  11:12  Mutalisk x7  
  115  11:20  Zerg Flyer Armor Level 1  
  115  11:30  Mutalisk x2  
  119  11:35  Overseer  
  104  11:55  Mutalisk x2, Spine Crawler  
  104  11:56  Mutalisk  
  109  12:07  Drone x8  
  109  12:08  Drone x7  
  124  12:19  Zergling x8  
  128  12:44  Mutalisk x7  
  129  13:09  Mutalisk x2  
  129  13:10  Mutalisk  
  135  13:21  Zerg Flyer Armor Level 2  
  135  13:28  Extractor, Spore Crawler  
  135  13:30  Extractor, Drone x6, Spine Crawler  
  123  13:52  Mutalisk x4  
  102  13:59  Mutalisk  
  94  14:08  Mutalisk  
  89  14:20  Mutalisk x2  
  80  14:43  Drone x2  
  80  14:44  Drone x4  
  86  15:01  Hatchery  
  86  15:04  Mutalisk x6  
  96  15:20  Drone x7  
  63  15:29  Mutalisk x2  
  65  15:38  Mutalisk x2  
  56  15:43  Zergling x4  
  56  16:00  Zergling x2  
Show
View Real Time Build Order
Export as new Build Order

Urnoob Zerg - Winner!

Build Orders: Pool First 

Get SALT Encoding   

  12  0:03  Drone  
  13  0:13  Overlord  
  13  0:17  Drone  
  14  0:31  Drone x2  
  16  0:35  Drone  
  17  0:46  Spawning Pool  
  17  0:49  Drone  
  17  0:54  Extractor  
  16  0:57  Drone  
  17  1:18  Drone  
  17  1:23  Hatchery  
  17  1:32  Drone x2  
  19  1:43  Overlord  
  19  1:55  Drone  
  19  1:59  Queen  
  22  2:05  Drone  
  23  2:10  Metabolic Boost  
  23  2:23  Drone x2  
  25  2:41  Drone  
  25  2:42  Drone  
  25  2:43  Queen x2  
  30  2:51  Drone x2  
  30  2:58  Drone x2  
  34  3:11  Drone x2  
  36  3:15  Baneling Nest  
  36  3:17  Drone  
  36  3:18  Overlord  
  36  3:22  Evolution Chamber  
  36  3:24  Drone  
  36  3:25  Evolution Chamber  
  35  3:30  Drone  
  35  3:33  Overlord  
  37  3:41  Drone x3  
  37  3:46  Drone  
  37  3:48  Zerg Missile Weapons Level 1  
  40  3:56  Zerg Ground Armor Level 1  
  40  3:58  Drone x5  
  40  3:59  Drone  
  46  4:17  Hatchery  
  45  4:27  Zergling x12  
  51  4:42  Extractor x2  
  49  4:47  Overlord x4  
  49  4:59  Zergling x6  
  52  5:07  Zergling x16  
  55  5:18  Zergling x4  
  56  5:24  Baneling x3  
  56  5:31  Drone  
  56  5:40  Zergling x8  
  57  6:03  Zergling x8  
  56  6:08  Lair, Hatchery  
  52  6:24  Baneling  
  52  6:25  Baneling x6  
  51  6:26  Zergling x12  
  56  6:38  Baneling  
  56  6:39  Baneling  
  53  6:52  Zergling x18  
  59  6:54  Baneling x3  
  58  7:10  Zergling x12  
  60  7:19  Hatchery  
  57  7:32  Zerg Ground Armor Level 2  
  57  7:33  Zerg Melee Weapons Level 1  
  49  7:41  Zergling x10  
  51  7:59  Zergling x12  
  53  8:13  Spire  
  53  8:14  Spore Crawler  
  53  8:15  Spore Crawler  
  53  8:16  Extractor  
  53  8:17  Zergling x12  
  50  8:28  Drone x2  
  48  8:50  Baneling x3  
  43  9:03  Overlord, Drone  
  43  9:04  Drone x3  
  43  9:05  Spore Crawler, Drone  
  43  9:06  Drone x13  
  58  9:10  Drone  
  58  9:16  Queen  
  58  9:17  Queen x2  
  58  9:19  Spore Crawler  
  58  9:22  Spore Crawler  
  58  9:23  Spine Crawler  
  61  9:24  Spine Crawler  
  61  9:26  Zergling x12  
  66  9:32  Zerg Flyer Armor Level 1  
  66  9:48  Mutalisk x9  
  84  9:56  Extractor  
  84  9:57  Extractor  
  82  10:04  Drone  
  82  10:05  Drone x2  
  84  10:07  Mutalisk x3  
  84  10:12  Zergling x8  
  89  10:29  Drone x5  
  89  10:30  Drone  
  89  10:32  Overlord x2  
  94  10:45  Mutalisk x2  
  94  10:48  Zerg Melee Weapons Level 2  
  95  10:59  Mutalisk x3  
  95  11:01  Overlord x2  
  101  11:14  Spore Crawler  
  101  11:16  Spore Crawler  
  101  11:17  Mutalisk x2  
  103  11:19  Zergling x10  
  108  11:27  Zerg Flyer Armor Level 2  
  108  11:28  Drone  
  108  11:29  Drone x2  
  111  11:34  Zergling x4  
  107  12:01  Mutalisk x5  
  116  12:13  Mutalisk x2  
  117  12:25  Spore Crawler x2  
  117  12:26  Overlord x2  
  117  12:27  Overlord x2  
  115  12:34  Zergling x10  
  120  12:42  Hatchery  
  115  12:46  Mutalisk x6  
  126  13:06  Mutalisk x3  
  126  13:10  Baneling x3  
  126  13:11  Baneling  
  126  13:12  Zergling x16  
  106  13:57  Hatchery  
  106  13:59  Mutalisk x7  
  109  14:03  Zerg Flyer Weapons Level 1  
  108  14:28  Mutalisk x3  
  116  14:31  Zergling x22  
  124  14:39  Drone  
  124  14:40  Spore Crawler  
  124  14:43  Mutalisk x2  
  122  14:55  Infestation Pit  
  102  15:52  Mutalisk x6  
  102  15:54  Zergling x10  
  102  15:55  Zergling x6  
Tags
 
Add a new tag
Caveats
  • Supply blocks, unpowered buildings, or Contaminate may cause inaccurate times.
  • Supply counts are checked every 10 seconds.